 Dungeon Crawl Stone Soup version 0.23.2-1-ga50397a (webtiles) character file.

Game seed: 3499001242678012853

182 night the Shield-Bearer (level 5, 0/48 HPs)
             Began as a Deep Dwarf Fighter on Apr 26, 2019.
             Slain by an ogre
             ... wielding a cursed -2 giant club
              (14 damage)
             ... on level 4 of the Dungeon.
             The game lasted 00:05:41 (2468 turns).

night the Shield-Bearer (Deep Dwarf Fighter)        Turns: 2468, Time: 00:05:42

Health: 0/48       AC:  6    Str: 21    XL:     5   Next: 34%
Magic:  5/5        EV:  7    Int:  8    God:
Gold:   125        SH: 10    Dex: 12    Spells: 4/4 levels left

rFire    + . .     SeeInvis .   a - +0 flail
rCold    + . .     Gourm    .   c - +0 shield
rNeg     . . .     Faith    .   b - +0 scale mail
rPois    .         Spirit   .   (no helmet)
rElec    .         Reflect  .   r - scarf {rC+ rF+}
rCorr    .         Harm     .   (no gloves)
MR       .....                  (no boots)
Stlth    ..........             (no amulet)
HPRegen  0.00/turn              (no ring)
MPRegen  0.09/turn              (no ring)

@: non-regenerating
A: damage resistance, heal wounds, sense surroundings 1, no regeneration
a: Heal Wounds


You were on level 4 of the Dungeon.
You were not hungry.

You visited 1 branch of the dungeon, and saw 4 of its levels.

You collected 125 gold pieces.

Inventory:

Hand Weapons
 a - a +0 flail (weapon)
Missiles
 h - 145 stones (quivered)
 l - 59 bolts
Armour
 b - a +0 scale mail (worn)
 c - a +0 shield (worn)
 r - a scarf of resistance (worn)
Scrolls
 d - a scroll of fog
 g - a scroll of identify
 j - 2 scrolls of remove curse
 q - a scroll of teleportation {unknown}
 s - 2 scrolls of noise {unknown}
Potions
 e - a potion of curing {unknown}
 i - a potion of agility {unknown}
 k - 2 potions of haste
 n - a potion of cancellation {unknown}
 p - a potion of ambrosia {unknown}
Comestibles
 f - 10 rations
 m - 8 chunks of flesh


   Skills:
 - Level 2.8 Fighting
 * Level 4.4 Maces & Flails
 - Level 3.4 Armour
 + Level 4.8 Shields


You had 4 spell levels left.
You didn't know any spells.
Your spell library was empty.

Dungeon Overview and Level Annotations

Branches:
Dungeon (4/15)
 Temple: D:4-7

Altars:
Nemelex Xobeh
Sif Muna
Vehumet


Innate Abilities, Weirdness & Mutations

You are resistant to damage.
You can heal yourself by infusing magical energy.
You passively map a small area around you.
You do not regenerate.


Message History

Fire/throw which item? (* to show all) (? for menu, Esc to quit)
Okay, then.
Throwing (i - inventory)
h - 148 stones (quivered)
Press: ? - help, Shift-Dir - straight line, f - ogre
Aim: an ogre, wielding a -2 giant club You throw a stone.
The stone barely misses the ogre.
Throwing (i - inventory)
h - 147 stones (quivered)
Press: ? - help, Shift-Dir - straight line, f/p - ogre
Aim: an ogre, wielding a -2 giant club You throw a stone.
The stone barely misses the ogre.
Throwing (i - inventory)
h - 146 stones (quivered)
Press: ? - help, Shift-Dir - straight line, f/p - ogre
Aim: an ogre, wielding a -2 giant club You throw a stone.
The stone barely misses the ogre.
You hit the ogre but do no damage.
The ogre hits you with a cursed -2 giant club!!
* * * LOW HITPOINT WARNING * * *
You hit the ogre but do no damage.
The ogre hits you with a cursed -2 giant club!
You die...

###.....#####'#*,,
, ,, #.....##....#
* +.......#....# *
,#.......#....# ,
#(......#....# * ,
#... , #....#
#....,*#....#
......##....###
(.....O@......#
..............#
..............#
*###############


You could see an ogre.

Vanquished Creatures
  Crazy Yiuf (D:2)
  An iguana (D:4)
  7 adders
  A worm (D:3)
  A dart slug (D:3)
  5 orcs
  7 bats
  5 giant cockroaches
  9 goblins
  3 hobgoblins
  A ball python (D:1)
  A frilled lizard (D:3)
  6 kobolds
  9 rats
57 creatures vanquished.

Notes
Turn   | Place    | Note
-------+----------+-------------------------------------------
     0 | D:1      | night the Deep Dwarf Fighter began the quest for the Orb.
     0 | D:1      | Reached XP level 1. HP: 20/20 MP: 1/1
   446 | D:1      | Reached XP level 2. HP: 25/27 MP: 2/2
   842 | D:2      | Found a deep blue altar of Sif Muna.
   906 | D:2      | Found a radiant altar of Vehumet.
   945 | D:2      | Reached XP level 3. HP: 24/33 MP: 3/3
  1104 | D:2      | Found a sparkling altar of Nemelex Xobeh.
  1146 | D:2      | Found a runed translucent door.
  1147 | D:2      | Noticed Crazy Yiuf
  1161 | D:2      | Killed Crazy Yiuf
  1226 | D:2      | Reached XP level 4. HP: 8/40 MP: 4/4
  1411 | D:3      | HP: 2/40 [adder (1)]
  1661 | D:3      | Found a faded altar of an unknown god.
  2008 | D:3      | Reached XP level 5. HP: 41/48 MP: 5/5
  2463 | D:4      | Noticed an ogre
  2468 | D:4      | Slain by an ogre

Skill      XL: |  1  2  3  4 |
---------------+-------------+-----
Maces & Flails | 3 4 |  4.4
Shields        | 4 |  4.8
Fighting       | |  2.8
Armour         | |  3.4

Action                   |  1- 3 |  4- 6 || total
-------------------------+-------+-------++-------
Melee: Flail             |   111 |   113 ||   224
Throw: Stone             |       |     3 ||     3
 Abil: Heal Wounds       |       |     1 ||     1
  Use: Scroll            |       |     5 ||     5
       Potion            |       |     2 ||     2
  Eat: Chunk             |     1 |     4 ||     5
Armor: Scale mail        |    33 |    42 ||    75
Dodge: Dodged            |    35 |    28 ||    63
Block: Shield            |    65 |    59 ||   124
